 Dungeon Crawl Stone Soup version 0.18-a0-846-g91b95b1 (webtiles) character file.

56 George the Chopper (level 3, -1/30 HPs)
             Began as a Hill Orc Gladiator on Dec 20, 2015.
             Slain by root's ghost (11 damage)
             ... on level 3 of the Dungeon.
             The game lasted 00:02:32 (2301 turns).

George the Chopper (Hill Orc Gladiator)             Turns: 2301, Time: 00:02:32

Health: -1/30      AC:  5    Str: 18    XL:     3   Next: 95%
Magic:  3/3        EV: 12    Int:  8    God:
Gold:   81         SH:  0    Dex: 11    Spells: 0 memorised, 2 levels left

rFire  . . .     SeeInvis .     a - +0 war axe
rCold  . . .     Gourm    .     b - +0 leather armour
rNeg   . . .     Faith    .     (no shield)
rPois  .         Spirit   .     c - +0 helmet
rElec  .         Dismiss  .     (no cloak)
rCorr  .         Reflect  .     t - +0 pair of gloves
SustAt .         Harm     .     (no boots)
MR     .....                    (no amulet)
Stlth  +.........               (no ring)
                                (no ring)

@: not resistant to hostile enchantments, very unstealthy
A: no striking features
a: no special abilities


You were on level 3 of the Dungeon.
You were very hungry.

You visited 1 branch of the dungeon, and saw 3 of its levels.

You collected 81 gold pieces.

Inventory:

Hand Weapons
 a - a +0 war axe (weapon)
Missiles
 d - 3 throwing nets (quivered)
 s - 7 javelins
Armour
 b - a +0 leather armour (worn)
 c - a +0 helmet (worn)
 t - a +0 pair of gloves (worn)
Scrolls
 i - a scroll of identify {unknown}
 j - a scroll of noise {unknown}
 l - 2 scrolls of enchant weapon {unknown}
 n - a scroll of teleportation {unknown}
 q - a scroll of remove curse {unknown}
 r - a scroll of enchant armour {unknown}
Potions
 g - a potion of haste {unknown}
 h - a potion of might {unknown}
 k - a potion of cancellation {unknown}
 o - a potion of lignification {unknown}
Comestibles
 f - 2 bread rations
 m - a meat ration


   Skills:
 - Level 2.4 Fighting
 + Level 6.2 Axes
 - Level 1.7 Throwing
 - Level 2.4 Dodging


You had 2 spell levels left.
You didn't know any spells.

Dungeon Overview and Level Annotations

Branches:
Dungeon (3/15)

Altars:
Elyvilon
Makhleb
Okawaru
Sif Muna

Annotations:
D:3 root's ghost, amateur CeHu


Message History

You completely miss the adder. The adder barely misses you.
You slash the adder!
You kill the adder!
You feel sick.
No target in view!
No target in view!
No target in view!
No target in view!
You start resting.
You feel sick. x5
You are no longer poisoned.
You start resting.
Root's ghost (amateur Centaur Hunter) comes into view.
Root's ghost turns its malevolent gaze towards you.
Root's ghost hits you!
There is a stone staircase leading up here.
You hit root's ghost.
Root's ghost is lightly damaged.
Root's ghost hits you!
You die...

###########
..........#
..........# #
..........##.##..
......)..@.......
........W.##.#...
# ###.##.### #.
#.##.####.# ...
#.........#
#.#.####.######.
................
................
...............>


You could see root's ghost.

Vanquished Creatures
  2 adders
  An ooze (D:2)
  A worm (D:2)
  2 giant geckos (D:1)
  2 ball pythons
  2 giant cockroaches
  A hobgoblin (D:1)
  2 jackals (D:1)
  6 bats
  3 giant newts (D:1)
  4 goblins
  5 kobolds
  A quokka (D:2)
  3 rats (D:1)
35 creatures vanquished.

Notes
Turn   | Place    | Note
--------------------------------------------------------------
     0 | D:1      | George the Hill Orc Gladiator began the quest for the Orb.
     0 | D:1      | Reached XP level 1. HP: 18/18 MP: 1/1
   521 | D:1      | Reached XP level 2. HP: 23/25 MP: 2/2
   770 | D:1      | Reached skill level 5 in Axes
  1481 | D:1      | Reached XP level 3. HP: 30/30 MP: 3/3
  1837 | D:2      | Found an iron altar of Okawaru.
  1953 | D:2      | Found a white marble altar of Elyvilon.
  1953 | D:2      | Found a burning altar of Makhleb.
  1978 | D:2      | Reached skill level 6 in Axes
  2114 | D:2      | Found a deep blue altar of Sif Muna.
  2291 | D:3      | Noticed root's ghost (amateur CeHu)
  2301 | D:3      | Slain by root's ghost

Vault maps used:
D:1:      lightli_arrival_maybe_door_vault
D:2:      gammafunk_temple_overflow_elements, lemuel_blue_sif_altar,
          okawaru_gym_becter, roderic_serpentine_path
D:3:      overflow_temple_1_default, first_bread, minmay_strange_pillars,
          tso_metal_star, uniq_terence

Action                   || total
-------------------------++-------
Melee: War axe           ||   115
  Eat: Chunk             ||     3
